 Dungeon Crawl Stone Soup version 0.25.0-37-gb73750e0fb (webtiles) character file.

Game seed: 13719015509896624275

477370 protoss039 the Sorcerer (level 23, -6/184 (187) HPs)
             Began as a Deep Elf Earth Elementalist on July 7, 2020.
             Was the Champion of Vehumet.
             Mangled by a deep troll (12 damage)
             ... on level 5 of the Depths on July 8, 2020.
             The game lasted 07:34:10 (78404 turns).

protoss039 the Sorcerer (DEEE)                     Turns: 78404, Time: 07:34:11

HP:   -6/184 (187)  AC: 35    Str:  9    XL:     23   Next: 64%
MP:   49/64         EV: 14    Int: 31    God:    Vehumet [******]
Gold: 5203          SH: 16    Dex: 19    Spells: 20/74 levels left

rFire    . . .     SeeInvis .   Q - +9 war axe of Nightmares {flame, *Contam rElec rC+}
rCold    + . .     Gourm    .   X - +3 kite shield "Gotrufin" {MR+ Dex+4 Slay-5 Stlth+}
rNeg     + + .     Faith    .   (armour currently unavailable)
rPois    ∞         Spirit   .   t - +2 hat of the Game of Kings {Slay+3}
rElec    +         Reflect  .   M - +2 cloak {MR+}
rCorr    .         Harm     .   (gloves currently unavailable)
MR       ++++.                  (boots currently unavailable)
Stlth    ++++......             (no amulet)
HPRegen  0.40/turn              q - ring of magical power
MPRegen  0.39/turn              F - ring of Hilato {Wiz rElec rN+ Str+4}

@: statue-form, very slightly contaminated, very slow
A: no striking features
}: 2/15 runes: decaying, serpentine
a: End Transformation, Renounce Religion


You were on level 5 of the Depths.
You worshipped Vehumet.
Vehumet was exalted by your worship.
You were hungry.
You were a stone statue.
You visited 8 branches of the dungeon, and saw 43 of its levels.
You also visited: Ice Cave.

You collected 8230 gold pieces.
You spent 3027 gold pieces at shops.

Inventory:

Hand Weapons
 Q - the +9 war axe of Nightmares (weapon) {flame, *Contam rElec rC+}
   (You found it on level 8 of the Dungeon)

   It has been specially enchanted to burn those struck by it, causing extra
   injury to most foes and up to half again as much damage against particularly
   susceptible opponents.
   Big, fiery blades are also staple armaments of hydra-hunters.
   It protects you from cold.
   It insulates you from electricity.
   It causes magical contamination when unequipped.
Missiles
 b - 720 stones (quivered)
Armour
 i - a +0 kite shield of resistance
 o - a +2 pair of gloves (melded)
 t - the +2 hat of the Game of Kings (worn) {Slay+3}
   (You found it on level 3 of the Elven Halls)

   It affects your accuracy and damage with ranged weapons and melee attacks
   (+3).
 I - the +0 pair of boots of the Blizzard (melded) {rPois}
   (You found it on level 7 of the Dungeon)

   It protects you from poison.
 M - a +2 cloak of magic resistance (worn)
 R - the +0 acid dragon scales of the Elephant (melded) {rF+ rCorr}
   (You found it on level 13 of the Dungeon)

   It protects you from fire.
   It provides partial protection from all sources of acid and corrosion.
 X - the +3 kite shield "Gotrufin" (worn) {MR+ Dex+4 Slay-5 Stlth+}
   (You bought it in a shop on level 2 of the Orcish Mines)

   It affects your dexterity (+4).
   It affects your accuracy and damage with ranged weapons and melee attacks
   (-5).
   It affects your resistance to hostile enchantments.
   It makes you more stealthy.
Jewellery
 q - a ring of magical power (left hand)
 r - an uncursed ring of protection from cold
 s - an uncursed ring of protection from fire
 y - an uncursed ring of flight
 F - the ring of Hilato (right hand) {Wiz rElec rN+ Str+4}
   (You bought it in a shop on level 9 of the Dungeon)

   [ring of wizardry]

   It improves your spell success rate.
   It affects your strength (+4).
   It insulates you from electricity.
   It protects you from negative energy.
 N - the ring of Yfieh {rPois MR++}
   (You found it on level 3 of the Depths)

   [ring of poison resistance]

   It protects you from poison.
   It affects your resistance to hostile enchantments.
 Y - the amulet of the Foremost Leylines {RegenMP rF++ Int-5}
   (You took it off a deep elf blademaster on level 3 of the Elven Halls)

   [amulet of magic regeneration]

   It increases your magic regeneration.
   It affects your intelligence (-5).
   It greatly protects you from fire.
Wands
 c - a wand of digging (18)
 m - a wand of paralysis (41)
 u - a wand of enslavement (5)
 C - a wand of flame (51)
 D - a wand of polymorph (43)
 E - a wand of iceblast (30)
 V - a wand of clouds (7)
 W - a wand of disintegration (30)
Scrolls
 a - 6 scrolls of blinking
 g - 7 scrolls of enchant armour
 h - 12 scrolls of enchant weapon
 l - 3 scrolls of fog
 n - 7 scrolls of immolation
 p - 15 scrolls of remove curse
 x - 14 scrolls of teleportation
 B - 12 scrolls of identify
 G - 6 scrolls of magic mapping
 J - 3 scrolls of fear
 K - 9 scrolls of amnesia
 T - 5 scrolls of summoning
Potions
 e - 6 potions of might
 f - 7 potions of mutation
 j - 3 potions of invisibility
 k - 18 potions of curing
 v - 6 potions of flight
 w - 2 potions of heal wounds
 z - 6 potions of stabbing
 A - 3 potions of haste
 H - 4 potions of lignification
 L - 4 potions of cancellation
 O - 3 potions of ambrosia
 P - 3 potions of magic
 S - 2 potions of resistance
 U - 6 potions of brilliance
Comestibles
 d - 55 rations


   Skills:
 - Level 15.0 Fighting
 - Level 5.0 Armour
 - Level 3.0 Dodging
 - Level 6.0 Stealth
 - Level 15.0 Shields
 * Level 26.1 Spellcasting
 - Level 16.0 Conjurations
   Level 2.0 Hexes
 - Level 12.0 Summonings
 - Level 6.0 Transmutations
   Level 2.0 Fire Magic
 - Level 2.0 Air Magic
 + Level 20.1 Earth Magic


You had 20 spell levels left.
You knew the following spells:

 Your Spells              Type           Power        Failure   Level  Hunger
a - Sandblast             Erth           ######       0%          1    None
b - Passwall              Tmut/Erth      #######.     0%          2    None
c - Stone Arrow           Conj/Erth      ######       0%          3    None
d - Petrify               Tmut/Erth      #######.     1%          4    None
e - Lee's Rapid Deconstr  Erth           ########..   0%          5    None
f - Shatter               Erth           ########..   2%          9    ####...
g - Airstrike             Air            ######....   1%          4    None
h - Statue Form           Tmut/Erth      #######..    1%          6    None
i - Spellforged Servitor  Conj/Summ      #######...   1%          7    None
j - Orb of Destruction    Conj           #######...   1%          7    None
k - Iron Shot             Conj/Erth      ########..   1%          6    None

Your spell library contained the following spells:

 Spells                   Type           Power        Failure   Level  Hunger
 Fire Storm               Conj/Fire      #######...   77%         9    ####...
 Absolute Zero            Ice            #####.....   100%        9    ####...
 Tornado                  Air            ######....   100%        9    ####...
 Foxfire                  Conj/Fire      ####         0%          1    None
 Magic Dart               Conj           ####         0%          1    None
 Shock                    Conj/Air       ####         0%          1    None
 Summon Butterflies       Summ           #######.     0%          1    None
 Summon Small Mammal      Summ           ####         0%          1    None
 Call Imp                 Summ           #######.     0%          2    None
 Animate Skeleton         Necr           N/A          1%          1    None
 Apportation              Tloc           #####.       1%          1    None
 Corona                   Hex            ######.      1%          1    None
 Infusion                 Chrm           ####         1%          1    None
 Sting                    Tmut/Pois      ####         1%          1    None
 Blink                    Tloc           N/A          1%          2    None
 Corpse Rot               Necr/Air       N/A          1%          2    None
 Poisonous Vapours        Pois/Air       #####.       1%          2    None
 Shroud of Golubria       Chrm/Tloc      #####.       1%          2    None
 Slow                     Hex            ######..     1%          2    None
 Song of Slaying          Chrm           #####...     1%          2    None
 Sublimation of Blood     Necr           #####.....   1%          2    None
 Swiftness                Chrm/Air       #####...     1%          2    None
 Confusing Touch          Hex            ######..     1%          3    None
 Conjure Flame            Conj/Fire      #######.     1%          3    None
 Gell's Gravitas          Tloc           #####.....   1%          3    None
 Ignite Poison            Fire/Tmut/Pois ######..     1%          3    None
 Inner Flame              Hex/Fire       ######..     1%          3    None
 Lesser Beckoning         Tloc           #####.....   1%          3    None
 Mephitic Cloud           Conj/Pois/Air  ######..     1%          3    None
 Ozocubu's Armour         Chrm/Ice       #####...     1%          3    None
 Recall                   Summ/Tloc      N/A          1%          3    None
 Spectral Weapon          Hex/Chrm       #####...     1%          3    None
 Static Discharge         Conj/Air       #######.     1%          3    None
 Teleport Other           Tloc           #####...     1%          3    None
 Tukima's Dance           Hex            ######..     1%          3    None
 Cause Fear               Hex            ######....   1%          4    None
 Fulminant Prism          Conj/Hex       #######...   1%          4    None
 Hailstorm                Conj/Ice       ######..     1%          4    None
 Leda's Liquefaction      Hex/Erth       #######...   1%          4    None
 Olgreb's Toxic Radiance  Pois           #####...     1%          4    None
 Sticky Flame             Conj/Fire      #######.     1%          4    None
 Summon Ice Beast         Ice/Summ       ######..     1%          4    None
 Summon Lightning Spire   Summ/Air       ######..     1%          4    None
 Alistair's Intoxication  Tmut/Pois      ######..     1%          5    None
 Aura of Abjuration       Summ           #######...   1%          5    None
 Bolt of Magma            Conj/Fire/Erth #######...   1%          5    None
 Borgnjor's Vile Clutch   Necr/Erth      #######...   1%          5    None
 Fireball                 Conj/Fire      #######...   1%          5    None
 Irradiate                Conj/Tmut      #######...   1%          5    None
 Summon Demon             Summ           #######...   1%          5    None
 Summon Forest            Summ/Tloc      ######....   1%          5    None
 Summon Mana Viper        Hex/Summ       ######..     1%          5    None
 Yara's Violent Unravell  Hex/Tmut       ######....   1%          5    None
 Conjure Ball Lightning   Conj/Air       #######...   1%          6    None
 Freezing Cloud           Conj/Ice/Air   ######....   1%          6    None
 Shadow Creatures         Summ           N/A          1%          6    None
 Starburst                Conj/Fire      #######...   1%          6    None
 Summon Hydra             Summ           #######...   1%          7    None
 Dispel Undead            Necr           #####...     2%          4    None
 Passage of Golubria      Tloc           N/A          2%          4    None
 Silence                  Hex/Air        ######....   3%          5    None
 Hydra Form               Tmut           ######....   3%          6    None
 Metabolic Englaciation   Hex/Ice        #####.....   4%          5    None
 Agony                    Necr           #####...     7%          5    None
 Excruciating Wounds      Chrm/Necr      #####.....   7%          5    None
 Eringya's Noxious Bog    Tmut/Pois      ######....   12%         6    None
 Invisibility             Hex            ######..     16%         6    None
 Dragon Form              Tmut           ######....   17%         7    None
 Malign Gateway           Summ/Tloc      ######....   17%         7    None
 Discord                  Hex            ######....   99%         8    ##.....


Dungeon Overview and Level Annotations

Branches:
Dungeon (15/15)            Temple (0/1) D:6            Lair (6/6) D:11
  Swamp (4/4) Lair:2        Snake (4/4) Lair:3        Slime (0/5) Lair:5
    Orc (2/2) D:11            Elf (3/3) Orc:2        Vaults (4/5) D:14
  Crypt (0/3) Vaults:2     Depths (5/5) D:15          IceCv (visited)
    Zot: Depths:5

Altars:
Ashenzari
Dithmenos
Fedhas
Gozag
Kikubaaqudgha
Makhleb
Okawaru
Qazlal
Sif Muna
Trog
Uskayaw
Vehumet
Xom
The Shining One
Jiyva

Shops:
D:4 :   D:5 }   D:6 %   D:7 %   D:8 ***   D:9 *   D:11 (?%[(   Orc:1 (%(:
Orc:2 *([(   Elf:2 [(!?*   Snake:2 *   Vaults:1 :   Vaults:3 *   Vaults:4 ![=!
Depths:3 :

Portals:
Hell: Depths:1 Depths:2 Depths:3 Depths:4
Abyss: Depths:4
Pandemonium: Depths:1 Depths:3
Ziggurat: Depths:4
Trove: Depths:3 (show slimy rune of Zot)

Annotations:
D:2 1 runed translucent door, 3 exclusions, Crazy Yiuf
D:3 1 exclusion
D:7 1 exclusion
D:10 3 runed translucent doors, exclusions: 3 doors and 1 more exclusion, Nergalle
D:14 3 exclusions
D:15 2 transporters
Lair:5 1 exclusion
Swamp:3 2 exclusions
Snake:3 3 exclusions
Orc:1 3 exclusions
Depths:1 1 exclusion
Depths:3 1 exclusion


Message History

* * * LOW HITPOINT WARNING * * *
The deep troll bites you.
* * * LOW HITPOINT WARNING * * *
The deep troll misses you. You block the deep troll's attack.
The deep troll bites you but does no damage.
The deep troll barely misses you.
The deep troll claws you but does no damage.
The deep troll completely misses you. The deep troll misses you.
You block the deep troll's attack. The iron troll bites you.
* * * LOW HITPOINT WARNING * * *
You block the iron troll's attack. The iron troll claws you!
* * * LOW HITPOINT WARNING * * *
The iron troll bites you but does no damage.
The iron troll claws you!
* * * LOW HITPOINT WARNING * * *
The iron troll claws you!!
* * * LOW HITPOINT WARNING * * *
You block the iron troll's attack. x2; The iron troll closely misses you.
The deep troll bites you!
You die...

.#..#..(.......
...............
#.#...........
#.............
.#......[......
...............
.#.#..TTT[[....
......T8TC.....
....#.#†#...#..
. .. ..# ..#
... ...# .# ###
≈..#. # #≈≈. #
#≈§u ≈≈≈u


You could see a red very ugly thing (wandering), 3 iron trolls, a stone giant, a
red ugly thing and 2 deep trolls.

Vanquished Creatures
  Nikola (Elf:3)
  A tentacled monstrosity (Depths:4)
  Asterion (Snake:4)
  3 liches
  2 deep elf blademasters
  A titan (Depths:4)
  2 quicksilver dragons (Depths:4)
  2 deep elf master archers (Elf:3)
  6 sphinxes
  An ancient champion (Vaults:2)
  Donald (Snake:2)
  2 shadow dragons
  An azure jelly (shapeshifter) (Vaults:4)
  3 tengu reavers
  Roxanne (Elf:2)
  7 frost giants
  11 fire giants
  Louise (Snake:2)
  3 nagarajas
  9 vault wardens
  5 deep elf sorcerers
  A reaper (Depths:3)
  3 deep elf elementalists (Elf:3)
  A spriggan defender (Depths:4)
  A curse skull (Vaults:2)
  10 ironheart preservers
  11 very ugly things
  14 stone giants
  The ghost of Faept the Fencer, a journeyman MiFi of Okawaru (D:15)
  Nessos (D:12)
  An entropy weaver (Vaults:3)
  6 deep elf demonologists
  6 deep elf annihilators
  Snorg (Lair:4)
  A merfolk impaler (Depths:3)
  5 deep elf death magi
  3 eidola
  2 great orbs of eyes
  A death ooze (Swamp:4)
  Josephine (Orc:1)
  10 ettins
  2 green deaths (Swamp:4)
  Fannar (Orc:1)
  2 hell beasts (Swamp:4)
  9 fire dragons
  Harold (Orc:1)
  2 deep elf high priests (Elf:3)
  4 rakshasas
  9 yaktaur captains
  9 ice dragons
  5 naga warriors
  14 hydras
  Erolcha (D:13)
  A catoblepas (Lair:3)
  A hydra (shapeshifter) (Vaults:4)
  12 anacondas
  10 vault guards
  Erica (Orc:1)
  10 centaur warriors
  A merfolk avatar (Lair:6)
  10 alligators
  14 deep troll shamans
  24 dancing weapons
  3 tengu warriors
  46 two-headed ogres
  A death yak (Lair:6)
  12 ogre magi
  A vampire mage (Depths:4)
  A death knight (Vaults:2)
  A hell hog (Depths:1)
  10 spriggan berserkers
  7 deep troll earth magi
  16 deep elf knights
  A soul eater (Depths:3)
  A sun demon (Depths:3)
  2 shock serpents (Snake:2)
  6 naga sharpshooters
  3 salamander mystics
  3 skeletal warriors (Vaults:1)
  A spectral minotaur (Depths:2)
  5 shadow wraiths
  5 unseen horrors
  2 death drakes (shapeshifter)
  A spectral anaconda (Depths:2)
  2 spriggan druids (Swamp:4)
  2 iron trolls
  2 glowing orange brains
  21 deep trolls
  6 naga ritualists
  A death drake (Depths:1)
  A golden dragon skeleton (Depths:1)
  6 wizards
  A golden dragon zombie (Depths:1)
  5 flayed ghosts
  12 ironbrand convokers
  2 orange crystal statues (Depths:2)
  14 deep elf archers
  4 swamp dragons
  A lindwurm (Snake:4)
  5 necromancers
  Pikel (D:6)
  3 phantasmal warriors
  12 orc knights
  A mana viper (shapeshifter) (Vaults:3)
  2 harpies (Lair:6)
  A sphinx zombie (Vaults:3)
  4 cyclopes
  11 mana vipers
  3 wolf spiders
  3 orc sorcerers (Vaults:1)
  43 ugly things
  61 deep elf magi
  4 oklob plants (Lair:5)
  3 manticores
  A moth of wrath (shapeshifter) (Vaults:1)
  A frost giant zombie (Depths:2)
  8 elephants
  3 tengu skeletons
  17 black mambas
  3 ice statues (IceCv)
  10 salamanders
  A moth of wrath (D:15)
  7 guardian serpents
  Psyche (D:9)
  Maurice (Orc:1)
  An eye of devastation (Depths:4)
  A guardian serpent (shapeshifter) (Vaults:3)
  10 vault sentinels
  A torpor snail (Lair:4)
  14 naga magi
  3 orange demons (Swamp:4)
  14 spiny frogs
  A yaktaur zombie (Vaults:3)
  45 yaktaurs
  9 komodo dragons
  3 kobold demonologists
  10 rime drakes
  4 freezing wraiths
  An efreet (D:15)
  A komodo dragon (shapeshifter) (D:8)
  2 tengu conjurers
  8 trolls
  An ice devil (Depths:3)
  A red devil (Depths:3)
  12 hornets
  A jumping spider (Vaults:3)
  3 polar bears
  A wind drake (Lair:6)
  A troll (shapeshifter) (Vaults:3)
  14 blink frogs
  5 bog bodies
  A nameless horror (Orc:1)
  6 tyrant leeches
  Grinder (D:6)
  26 slime creatures
  3 raiju (Depths:2)
  8 hippogriffs
  5 air elementals
  3 redbacks (Vaults:3)
  3 hippogriffs (shapeshifter)
  8 shadows
  A deep troll skeleton (Depths:1)
  7 water elementals
  4 spriggans
  3 vampires (Depths:2)
  3 wyverns
  48 yaks
  13 wraiths
  Eustachio (D:4)
  5 basilisks
  A steam dragon (Lair:4)
  4 fire elementals
  4 hogs (D:7)
  21 humans
  A yaktaur simulacrum (Depths:1)
  3 large abominations (Swamp:4)
  22 vampire mosquitoes
  10 wargs
  Edmund (D:6)
  3 acid dragons
  A harpy simulacrum (Vaults:1)
  12 swamp worms
  9 insubstantial wisps
  5 water moccasins
  28 nagas
  A warg (shapeshifter) (Depths:4)
  A hydra simulacrum (Depths:2)
  13 hell hounds
  A soldier ant (D:12)
  11 porcupines
  2 spectral spriggans (Depths:2)
  A spectral troll (Depths:2)
  5 floating eyes
  A hornet zombie (D:10)
  36 orc warriors
  3 slaves (D:6)
  14 ice beasts
  4 swamp drakes
  7 sky beasts
  3 black bears
  A fire dragon simulacrum (Depths:1)
  An ogre (shapeshifter) (Vaults:1)
  3 necrophages
  3 phantoms
  14 boggarts
  An elf zombie (Vaults:3)
  10 wolves
  2 eyes of draining
  2 eyes of draining (shapeshifter)
  28 ogres
  2 spriggan simulacra
  24 centaurs
  A crocodile (shapeshifter) (Elf:1)
  12 crocodiles
  6 big kobolds
  Blork the orc (D:5)
  14 bullfrogs
  A gnoll sergeant (Orc:1)
  A wyvern zombie (D:11)
  An earth elemental (Elf:2)
  A wyvern skeleton (D:7)
  A water moccasin skeleton (D:11)
  8 scorpions
  9 killer bees (D:10)
  4 spectral nagas (Depths:2)
  9 wights
  3 spectral ogres (Depths:2)
  8 howler monkeys
  4 electric eels
  A spectral centaur (Depths:2)
  2 lava snakes (Lair:4)
  10 crimson imps
  A quasit (Depths:1)
  2 centaur zombies
  18 orc priests
  4 hounds
  5 jellies
  5 centaur skeletons
  2 gnoll shamans
  A jelly (shapeshifter) (Depths:4)
  5 bullfrog skeletons
  5 hell rats (Lair:6)
  6 iguanas
  18 orc wizards
  8 worker ants
  3 hound zombies
  A hound skeleton (D:11)
  Robin (D:3)
  16 gnolls
  20 adders
  4 shadow imps
  An ooze (D:2)
  An adder zombie (D:9)
  A worm (D:2)
  3 dart slugs
  10 leopard geckos
  97 orcs
  2 ball pythons
  6 bats
  4 giant cockroaches
  13 goblins
  13 hobgoblins
  10 jackals
  7 frilled lizards
  28 kobolds
  2 leopard gecko skeletons
  A leopard gecko zombie (D:7)
  A quokka zombie (D:6)
  4 rats
  3 fungi (Lair:6)
  7 plants
1776 creatures vanquished.

Vanquished Creatures (collateral kills)
  A juggernaut (Depths:3)
  Vashnia (Snake:2)
  Xtahua (Depths:3)
  A Tzitzimitl (Depths:2)
  Jorgrun (D:15)
  A deep elf blademaster (Elf:3)
  A sphinx (Vaults:2)
  3 nagarajas (Snake:4)
  6 vault wardens
  Aizul (Snake:4)
  A deep elf elementalist (Elf:3)
  5 ironheart preservers
  An entropy weaver (Vaults:3)
  2 stone giants
  6 very ugly things
  A vampire knight (Depths:3)
  A deep elf demonologist (Elf:3)
  A dire elephant (Lair:3)
  2 fire dragons (Depths:4)
  5 ice dragons
  3 great orbs of eyes
  3 yaktaur captains
  A rakshasa (Vaults:1)
  7 vault guards
  6 naga warriors
  A ghost crab (Swamp:2)
  3 hydras
  A spriggan air mage (Depths:3)
  10 anacondas
  4 centaur warriors
  8 two-headed ogres
  4 dancing weapons (Elf:2)
  3 deep troll earth magi
  3 deep troll shamans
  4 alligators
  3 ogre magi
  2 death yaks (Lair:6)
  A tengu warrior (Depths:2)
  3 shock serpents
  13 naga sharpshooters
  2 deep elf knights
  A shadow wraith (Vaults:3)
  7 skeletal warriors (Vaults:1)
  4 salamander mystics
  An iron troll (Depths:1)
  9 deep trolls
  A spriggan druid (Swamp:4)
  A swamp dragon (Swamp:4)
  3 deep elf archers
  A flayed ghost (Depths:2)
  3 ironbrand convokers
  3 lindwurms (Snake:4)
  2 naga ritualists
  7 orc knights
  A harpy (Vaults:3)
  A necromancer (Depths:1)
  5 salamanders
  7 mana vipers
  5 ugly things
  5 deep elf magi
  A wolf spider (Vaults:4)
  A fire giant skeleton (Depths:2)
  5 vault sentinels
  5 black mambas
  3 guardian serpents (Snake:4)
  14 naga magi
  A freezing wraith (Vaults:1)
  11 yaktaurs
  5 hornets
  A polar bear (Lair:6)
  A tyrant leech (Swamp:1)
  9 slime creatures
  2 bog bodies (Swamp:4)
  A water elemental (Depths:3)
  3 spriggans
  2 wraiths (Vaults:1)
  6 vampire mosquitoes
  A swamp worm (Swamp:3)
  An insubstantial wisp (Swamp:4)
  11 nagas
  2 swamp drakes
  10 orc warriors
  5 ogres
  A centaur (Depths:2)
  A tengu zombie (Depths:1)
  A spectral ogre (Depths:2)
  A spectral centaur (Depths:2)
  2 orc wizards
  A gnoll (Orc:1)
  9 orcs
311 creatures vanquished.

Vanquished Creatures (others)
  An ice dragon (Depths:4)
  An ogre mage (Vaults:1)
  A naga sharpshooter (Snake:4)
  2 deep elf magi (Elf:1)
  An orc wizard (Orc:1)
  A gnoll (Orc:1)
  7 fungi
  22 plants
  8 toadstools (Lair:3)
44 creatures vanquished.

Grand Total: 2131 creatures vanquished

Notes
Turn   | Place    | Note
-------+----------+-------------------------------------------
     0 | D:1      | protoss039 the Deep Elf Earth Elementalist began the quest
                  | for the Orb.
     0 | D:1      | Reached XP level 1. HP: 10/10 MP: 6/6
   212 | D:1      | Reached XP level 2. HP: 15/15 MP: 6/8
   702 | D:1      | Learned a level 2 spell: Passwall
   741 | D:2      | Found a runed translucent door.
   742 | D:2      | Noticed Crazy Yiuf
   895 | D:2      | Reached XP level 3. HP: 19/19 MP: 6/9
   941 | D:2      | Learned a level 3 spell: Stone Arrow
  1321 | D:2      | Noticed an ice beast
  1374 | D:2      | Found a shattered altar of Ashenzari.
  1502 | D:2      | Killed an ice beast
  1502 | D:2      | Reached skill level 1 in Armour
  1502 | D:2      | Reached skill level 4 in Spellcasting
  1502 | D:2      | Reached XP level 4. HP: 6/24 MP: 3/12
  1502 | D:2      | Reached XP level 5. HP: 8/28 MP: 3/14
  2019 | D:2      | Learned a level 4 spell: Petrify
  2074 | D:3      | Reached skill level 5 in Spellcasting
  2074 | D:3      | Reached skill level 5 in Earth Magic
  2119 | D:3      | Noticed Robin
  2307 | D:3      | Killed Robin
  2307 | D:3      | Reached XP level 6. HP: 32/32 MP: 5/16
  2410 | D:3      | Found an opulent altar of Gozag.
  2421 | D:3      | Found a shadowy altar of Dithmenos.
  2719 | D:3      | Found a shimmering blue altar of Sif Muna.
  2860 | D:3      | Found a hide-covered altar of Uskayaw.
  2860 | D:3      | Found a blossoming altar of Fedhas.
  2861 | D:3      | Found a burning altar of Makhleb.
  2862 | D:3      | Found a shimmering altar of Xom.
  2865 | D:3      | Found a radiant altar of Vehumet.
  2959 | D:3      | Became a worshipper of Vehumet
  3119 | D:3      | Learned a level 5 spell: Lee's Rapid Deconstruction
  3333 | D:4      | Reached skill level 6 in Spellcasting
  3671 | D:4      | Found Oqestin's Book Shop.
  3683 | D:4      | Reached XP level 7. HP: 26/36 MP: 11/19
  3684 | D:4      | Found a radiant altar of Vehumet.
  3822 | D:4      | Reached skill level 1 in Conjurations
  3824 | D:4      | Noticed Eustachio
  3971 | D:4      | Killed Eustachio
  3971 | D:4      | Reached skill level 7 in Spellcasting
  4644 | D:5      | Entered Level 5 of the Dungeon
  4836 | D:5      | Noticed Blork the orc
  4843 | D:5      | Killed Blork the orc
  4843 | D:5      | Reached * piety under Vehumet
  4843 | D:5      | Offered knowledge of Magic Dart by Vehumet.
  4846 | D:5      | Reached skill level 1 in Fighting
  5031 | D:5      | Reached XP level 8. HP: 43/43 MP: 10/21
  5124 | D:5      | Found an ancient bone altar of Kikubaaqudgha.
  5145 | D:5      | Found Yweph's Gadget Emporium.
  5243 | D:5      | Reached skill level 8 in Spellcasting
  5919 | D:6      | Noticed Grinder
  5964 | D:6      | Paralysed by Grinder for 2 turns
  5973 | D:6      | Paralysed by Grinder for 7 turns
  5985 | D:6      | Killed Grinder
  6092 | D:6      | Noticed Edmund
  6100 | D:6      | Killed Edmund
  6257 | D:6      | Noticed Pikel
  6424 | D:6      | Found a staircase to the Ecumenical Temple.
  6438 | D:6      | Reached skill level 9 in Spellcasting
  6776 | D:6      | Noticed a two-headed ogre
  6784 | D:6      | Killed a two-headed ogre
  6784 | D:6      | Reached skill level 10 in Spellcasting
  6784 | D:6      | Reached XP level 9. HP: 45/48 MP: 5/25
  6890 | D:6      | Found a shimmering altar of Xom.
  6961 | D:6      | Found Reewn's Food Emporium.
  7295 | D:6      | Killed Pikel
  7295 | D:6      | Reached skill level 11 in Spellcasting
  7679 | D:7      | Offered knowledge of Shock by Vehumet.
  7681 | D:7      | Reached ** piety under Vehumet
  7754 | D:7      | Got a pair of masterwork boots
  7765 | D:7      | Identified the cursed +0 pair of boots of the Blizzard
                  | {rPois} (You found it on level 7 of the Dungeon)
  7996 | D:7      | Reached skill level 5 in Conjurations
  7996 | D:7      | Reached XP level 10. HP: 53/53 MP: 21/27
  8000 | D:7      | Reached skill level 12 in Spellcasting
  8000 | D:7      | Reached skill level 10 in Earth Magic
  8324 | D:7      | Offered knowledge of Inner Flame by Vehumet.
  8520 | D:7      | Found a glowing golden altar of the Shining One.
  8568 | D:7      | Found a bloodstained altar of Trog.
  8739 | D:7      | Found Benur's Food Shop.
  8835 | D:8      | Learned a level 3 spell: Inner Flame
  9053 | D:8      | Found Derejy's General Store.
  9224 | D:8      | Found Emoynur's Assorted Antiques.
  9261 | D:8      | Found Guirphin's Assorted Antiques.
  9265 | D:8      | Reached *** piety under Vehumet
  9342 | D:8      | Bought a scroll of identify for 42 gold pieces
  9342 | D:8      | Bought a scroll labeled XURUMU BOAHAEX for 21 gold pieces
  9362 | D:8      | Bought a scroll labeled COEJEC TILOI for 26 gold pieces
  9362 | D:8      | Bought a runed cloak for 195 gold pieces
  9362 | D:8      | Bought a scroll labeled REATWERAFF for 26 gold pieces
  9362 | D:8      | Bought a scroll labeled COEJEC TILOI for 26 gold pieces
  9362 | D:8      | Bought a scroll labeled XURUMU BOAHAEX for 26 gold pieces
  9720 | D:8      | Reached skill level 13 in Spellcasting
 10273 | D:8      | Offered knowledge of Conjure Flame by Vehumet.
 10462 | D:8      | Got a bloodstained morningstar
 10470 | D:8      | Got a slimy war axe
 10471 | D:8      | Identified the +9 war axe of Nightmares {flame, *Contam
                  | rElec rC+} (You found it on level 8 of the Dungeon)
 10472 | D:8      | Identified the +2 morningstar of Fedhas's Grace {venom,
                  | Dex+6} (You found it on level 8 of the Dungeon)
 10644 | D:9      | Noticed a two-headed ogre
 10650 | D:9      | Killed a two-headed ogre
 10650 | D:9      | Reached skill level 1 in Hexes
 10650 | D:9      | Reached skill level 1 in Fire Magic
 10650 | D:9      | Reached XP level 11. HP: 57/57 MP: 19/30
 10828 | D:9      | Noticed Psyche
 10834 | D:9      | Killed Psyche
 11560 | D:9      | Found Deskoiboyb's General Store.
 11595 | D:9      | Found an iron altar of Okawaru.
 11603 | D:9      | Reached **** piety under Vehumet
 11700 | D:10     | Entered Level 10 of the Dungeon
 11701 | D:10     | Offered knowledge of Airstrike by Vehumet.
 12023 | D:10     | Noticed Nergalle
 12027 | D:10     | Learned a level 4 spell: Airstrike
 12415 | D:10     | Reached skill level 14 in Spellcasting
 12560 | D:10     | Noticed a cyan ugly thing
 12560 | D:10     | Noticed a cyan ugly thing
 12561 | D:10     | Found a runed translucent gate.
 12561 | D:10     | Noticed a brown ugly thing
 12562 | D:10     | Found a runed translucent gate.
 12562 | D:10     | Noticed a white ugly thing
 12563 | D:10     | Found a runed translucent gate.
 12563 | D:10     | Noticed a red ugly thing
 12563 | D:10     | Noticed a white ugly thing
 13223 | D:11     | Found Ycakamec's Food Boutique.
 13227 | D:11     | Found Ybluitt's Magic Scroll Emporium.
 13385 | D:11     | Found a staircase to the Lair.
 13403 | D:11     | Got a twitching ivory amulet
 13469 | D:11     | Reached skill level 15 in Spellcasting
 13774 | D:11     | Found Coppal's Weapon Shop.
 13965 | D:11     | Reached ***** piety under Vehumet
 13980 | D:11     | Offered knowledge of Starburst by Vehumet.
 13991 | D:11     | Found a staircase to the Orcish Mines.
 14004 | D:11     | Found Punlehap's Armour Boutique.
 14123 | D:11     | Found Feor's Antique Weapon Boutique.
 14250 | D:11     | Identified the amulet "Poesar" {Inacc +Inv rF- Str+4 Dex+3}
                  | (You found it on level 11 of the Dungeon)
 14285 | D:11     | Learned a level 6 spell: Statue Form
 14286 | D:12     | Found a blossoming altar of Fedhas.
 14490 | D:12     | Found a frozen archway.
 14498 | D:12     | Noticed Nessos
 14506 | D:12     | Killed Nessos
 14506 | D:12     | Reached skill level 1 in Air Magic
 14506 | D:12     | Reached XP level 12. HP: 23/62 MP: 8/33
 14739 | IceCv    | Entered an ice cave
 15113 | IceCv    | Identified Sif Muna's Compendium of Unstable Conjuration
 15276 | D:12     | You fall into a shaft and drop 2 floors!
 15378 | D:14     | Reached skill level 16 in Spellcasting
 15540 | D:14     | Noticed a centaur warrior
 15548 | D:14     | Killed a centaur warrior
 16089 | D:14     | Reached skill level 5 in Transmutations
 16166 | D:14     | Noticed a two-headed ogre
 16172 | D:14     | Killed a two-headed ogre
 16375 | D:14     | Reached skill level 17 in Spellcasting
 16504 | D:14     | Offered knowledge of Spellforged Servitor by Vehumet.
 16506 | D:14     | Reached XP level 13. HP: 66/66 MP: 24/36
 16596 | D:14     | Reached skill level 18 in Spellcasting
 16911 | D:14     | Found a gate to the Vaults.
 17181 | D:14     | Found a stormy altar of Qazlal.
 17283 | D:13     | Learned a level 7 spell: Spellforged Servitor
 17649 | D:13     | Reached skill level 19 in Spellcasting
 17927 | D:13     | Noticed Erolcha
 17930 | D:13     | Killed Erolcha
 17933 | D:13     | Got fine acid dragon scales
 17950 | D:13     | Identified the +0 acid dragon scales of the Elephant {rF+
                  | rCorr} (You found it on level 13 of the Dungeon)
 19012 | D:11     | Bought a +0 buckler for 63 gold pieces
 19119 | D:15     | Entered Level 15 of the Dungeon
 19197 | D:15     | Reached skill level 1 in Shields
 19197 | D:15     | Reached skill level 5 in Armour
 19469 | D:15     | Noticed Jorgrun
 19652 | D:15     | Offered knowledge of Orb of Destruction by Vehumet.
 19652 | D:15     | Reached skill level 1 in Summonings
 19661 | D:15     | Learned a level 7 spell: Orb of Destruction
 20274 | D:15     | Found a transporter.
 20291 | D:15     | Found a transporter.
 20304 | D:15     | Identified the +1 dire flail of Pestilence {freeze, rF+ MR+
                  | Int+3}
 20304 | D:15     | Noticed Faept's ghost (journeyman MiFi)
 20316 | D:15     | Found a bloodstained altar of Trog.
 20416 | D:15     | Reached XP level 14. HP: 58/72 MP: 13/39
 20420 | D:15     | Found a staircase to the Depths.
 20444 | D:15     | Reached skill level 5 in Summonings
 20831 | Lair:1   | Entered Level 1 of the Lair of Beasts
 21645 | Lair:1   | Got a steaming cloak
 21656 | Lair:1   | Identified the cursed +0 cloak of Indemnity {rN+ Str+3}
                  | (You found it on level 1 of the Lair of Beasts)
 21766 | D:9      | Bought the ring of Hilato {Wiz rElec rN+ Str+4} for 679
                  | gold pieces
 21917 | Lair:2   | Got a clouded ivory ring
 22310 | Lair:2   | Found a staircase to the Swamp.
 23016 | Lair:3   | Found a staircase to the Snake Pit.
 23309 | Lair:3   | Reached skill level 20 in Spellcasting
 23527 | Lair:3   | You fall into a shaft and drop 3 floors!
 23527 | Lair:6   | Entered Level 6 of the Lair of Beasts
 24286 | Lair:5   | Found a staircase to the Slime Pits.
 24288 | Lair:5   | Found a viscous altar of Jiyva.
 24778 | Lair:5   | Reached skill level 5 in Fighting
 24884 | Lair:5   | Identified the Handbook of Creative Lightness
 24900 | Lair:5   | Identified the ring of the Endless Expanse {Int+3 Slay+4}
                  | (You found it on level 2 of the Lair of Beasts)
 25304 | Lair:4   | Offered knowledge of Ozocubu's Refrigeration by Vehumet.
 26125 | Lair:4   | Noticed Snorg
 26149 | Lair:4   | Killed Snorg
 26296 | Lair:4   | Got an ichor-stained long sword
 27293 | Lair:3   | Found a runed translucent door.
 27802 | Lair:3   | Got an ancient mace
 28223 | Lair:6   | Reached XP level 15. HP: 86/86 MP: 24/41
 28936 | Lair:6   | Identified the Grimoire of Arcane Weapons and Summoning
 29443 | Orc:1    | Entered Level 1 of the Orcish Mines
 29473 | Orc:1    | Noticed Erica
 29477 | Orc:1    | Killed Erica
 29485 | Orc:1    | Noticed Harold
 29494 | Orc:1    | Killed Harold
 29510 | Orc:1    | Found Oliriut's Weapon Emporium.
 29514 | Orc:1    | Found Dageroill's Food Emporium.
 29516 | Orc:1    | Found Gydoly's Weapon Shop.
 29895 | Orc:1    | Noticed Fannar
 29905 | Orc:1    | Killed Fannar
 29912 | Orc:1    | Noticed Maurice
 29928 | Orc:1    | Killed Maurice
 29930 | Orc:1    | Offered knowledge of Bolt of Magma by Vehumet.
 30181 | Orc:1    | Noticed Josephine
 30187 | Orc:1    | Killed Josephine
 30195 | Orc:1    | Found Zuudew's Book Shoppe.
 30368 | Orc:1    | Bought a book of the Earth for 845 gold pieces
 30375 | Orc:1    | Learned a level 6 spell: Iron Shot
 30533 | Orc:2    | Entered Level 2 of the Orcish Mines
 31543 | Orc:2    | Reached skill level 10 in Fighting
 31843 | Orc:2    | Found a staircase to the Elven Halls.
 32153 | Orc:2    | Found Ateo's Armour Shoppe.
 32153 | Orc:2    | Found Paaghiump's Weapon Shop.
 32155 | Orc:2    | Found Nyrphioh's Assorted Antiques.
 32157 | Orc:2    | Found Jysugag's Weapon Emporium.
 32174 | Orc:2    | Bought a slimy leather armour for 210 gold pieces
 32181 | Orc:2    | Bought the +3 kite shield "Gotrufin" {MR+ Dex+4 Slay-5
                  | Stlth+} for 245 gold pieces
 32191 | Orc:2    | Identified the cursed +0 leather armour of a ziggurat {Harm
                  | Regen+} (You bought it in a shop on level 2 of the Orcish
                  | Mines)
 32333 | Swamp:1  | Entered Level 1 of the Swamp
 33122 | Swamp:1  | You fall into a shaft and drop 1 floor!
 33491 | Swamp:2  | Offered knowledge of Lightning Bolt by Vehumet.
 34807 | Swamp:1  | Identified the +7 mace of Blood {vorpal, rF+ Str+3 Int+3
                  | Stlth-} (You found it on level 3 of the Lair of Beasts)
 34808 | Swamp:1  | Identified the cursed +0 long sword of Feod {vorpal, Str+3}
                  | (You found it on level 4 of the Lair of Beasts)
 35488 | Swamp:4  | Entered Level 4 of the Swamp
 35811 | Swamp:4  | Reached XP level 16. HP: 97/97 MP: 27/42
 36076 | Swamp:4  | Upgraded the game from 0.25.0-33-gff14898491 to
                  | 0.25.0-37-gb73750e0fb
 36630 | Swamp:4  | Reached skill level 10 in Conjurations
 36635 | Swamp:4  | Reached skill level 5 in Shields
 36664 | Swamp:4  | HP: 4/145 [seven-headed hydra[a spriggan druid] (7)]
 37176 | Swamp:4  | Offered knowledge of Chain Lightning by Vehumet.
 38754 | Swamp:4  | Reached skill level 21 in Spellcasting
 38914 | Swamp:4  | Got a decaying rune of Zot
 39117 | Snake:1  | Entered Level 1 of the Snake Pit
 39740 | Snake:1  | You fall into a shaft and drop 1 floor!
 39914 | Snake:2  | Noticed Donald
 39930 | Snake:2  | Killed Donald
 40089 | Snake:2  | Noticed Vashnia
 40106 | Snake:2  | Killed Vashnia
 42010 | Snake:2  | Found Wosizasu's Assorted Antiques.
 42074 | Snake:2  | Noticed Louise
 42081 | Snake:2  | Reached skill level 10 in Summonings
 42103 | Snake:2  | Killed Louise
 42465 | Snake:2  | Reached XP level 17. HP: 99/103 MP: 43/44
 42785 | Snake:2  | Found a shimmering altar of Xom.
 44153 | Snake:3  | Reached skill level 22 in Spellcasting
 45083 | Snake:4  | Entered Level 4 of the Snake Pit
 45581 | Snake:4  | Reached ****** piety under Vehumet
 46226 | Snake:4  | Noticed Aizul
 46235 | Snake:4  | Killed Aizul
 46311 | Snake:4  | Noticed Asterion
 46937 | Snake:4  | Killed Asterion
 47724 | Snake:4  | Offered knowledge of Fire Storm by Vehumet.
 47724 | Snake:4  | Offered knowledge of Tornado by Vehumet.
 47724 | Snake:4  | Offered knowledge of Absolute Zero by Vehumet.
 48455 | Snake:4  | Reached XP level 18. HP: 89/110 MP: 22/46
 48602 | Snake:4  | Got a serpentine rune of Zot
 48967 | D:14     | Learned a level 9 spell: Shatter
 48969 | Vaults:1 | Entered Level 1 of the Vaults
 50534 | Vaults:1 | Found Zuirayme's Book Shop.
 50779 | Vaults:1 | Reached skill level 15 in Conjurations
 51694 | Vaults:2 | Reached skill level 23 in Spellcasting
 53438 | Vaults:2 | You fall into a shaft and drop 2 floors!
 53771 | Vaults:4 | Reached XP level 19. HP: 99/116 MP: 30/48
 53780 | Vaults:3 | Found Cioffid's Assorted Antiques.
 55499 | Vaults:3 | Reached skill level 24 in Spellcasting
 55719 | Vaults:3 | Reached skill level 5 in Stealth
 56935 | Vaults:3 | Bought a scroll labeled SULUGH ZAACE for 39 gold pieces
 56941 | Vaults:3 | Acquired 4 rations
 56985 | Vaults:3 | Reached skill level 10 in Shields
 58137 | Vaults:2 | Reached XP level 20. HP: 71/124 MP: 44/50
 58367 | Vaults:2 | Identified Afuumulah's Grimoire of Supportive Dislocation
 58432 | Vaults:2 | You fall into a shaft and drop 2 floors!
 58756 | Vaults:4 | Found Duliecow's Distillery.
 58763 | Vaults:4 | Bought a potion of magic for 168 gold pieces
 59232 | Vaults:4 | Identified the +2 robe of the Vestibule of Hell {rC+ Dex+4}
                  | (You found it on level 4 of the Vaults)
 59958 | Vaults:4 | Found Gilued's Jewellery Shop.
 59967 | Vaults:4 | Found Utebaet's Armour Emporium.
 60240 | Vaults:4 | Bought a +1 pair of gloves for 218 gold pieces
 60831 | Vaults:4 | Found Egugry's Distillery.
 61851 | Vaults:2 | Found a staircase to the Crypt.
 62601 | Elf:1    | Entered Level 1 of the Elven Halls
 63316 | Elf:1    | Reached XP level 21. HP: 131/131 MP: 49/51
 63745 | Elf:1    | Identified the cursed +0 leather armour of Sunlight {rPois}
 64563 | Elf:2    | Found Joshrall's Weapon Shoppe.
 64604 | Elf:2    | Identified Roxanne's Collected Works on Clay
 64604 | Elf:2    | Noticed Roxanne
 64609 | Elf:2    | Killed Roxanne
 64689 | Elf:2    | Found Vist's Distillery.
 64716 | Elf:2    | Found Liofaiw's General Store.
 65000 | Elf:2    | Found a bloodstained altar of Trog.
 65231 | Elf:2    | Found a huge runed translucent gate.
 65231 | Elf:2    | Found a huge runed translucent gate.
 65231 | Elf:2    | Found a huge runed translucent gate.
 65339 | Elf:2    | Found Mam Loxtuank's Armour Shoppe.
 65553 | Elf:2    | Found Gugut's Magic Scroll Boutique.
 65572 | Elf:2    | Bought a scroll of fear for 63 gold pieces
 65572 | Elf:2    | Bought a scroll of blinking for 135 gold pieces
 65678 | Elf:2    | Found a huge runed translucent gate.
 65678 | Elf:2    | Found a huge runed translucent gate.
 66408 | Elf:3    | Entered Level 3 of the Elven Halls
 66476 | Elf:3    | Identified the +2 hat of the Game of Kings {Slay+3} (You
                  | found it on level 3 of the Elven Halls)
 66495 | Elf:3    | Found a shimmering blue altar of Sif Muna.
 66496 | Elf:3    | Noticed Nikola
 66502 | Elf:3    | Killed Nikola
 67254 | Elf:3    | Identified the +5 chain mail of Negligence {MR+ rCorr}
 67254 | Elf:3    | Identified the amulet of the Foremost Leylines {RegenMP
                  | rF++ Int-5}
 67255 | Elf:3    | Reached skill level 15 in Shields
 67484 | Elf:3    | Identified the +0 scale mail of Daisies {rF+ MR+ Int+3}
 67488 | Elf:3    | Identified the +9 whip of Impermanence {vorpal, +Rage}
 67490 | Elf:3    | Identified the +6 short sword of Fate {holy, +Inv Str+8}
 67490 | Elf:3    | Reached skill level 15 in Fighting
 67666 | Elf:3    | Identified the Reference Book on the Mountains
 67668 | Elf:3    | Identified the Incunabulum of Good Luck
 67682 | Elf:3    | Identified Itiwuts's Guide on Dislocated Beguiling
 67728 | Elf:3    | Found the +0 staff of Battle
 68094 | D:15     | Killed Jorgrun
 68094 | D:15     | Reached skill level 15 in Earth Magic
 68263 | D:15     | Killed Faept's ghost
 68483 | Depths:1 | Entered Level 1 of the Depths
 68492 | Depths:1 | Reached XP level 22. HP: 130/140 MP: 24/52
 69737 | Depths:1 | Found a gateway to Hell.
 69835 | Depths:1 | Found a one-way gate leading to the halls of Pandemonium.
 70536 | Depths:2 | Paralysed by a floating eye for 4 turns
 72164 | Depths:2 | Got a pair of ichor-stained boots
 72165 | Depths:2 | Identified the cursed +0 pair of boots of Quaxisua {-Cast
                  | rC+ SInv} (You found it on level 2 of the Depths)
 73045 | Depths:3 | Found Acwyemum's Book Emporium.
 73048 | Depths:3 | Noticed Xtahua
 73054 | Depths:3 | Killed Xtahua
 73595 | Depths:3 | Got a clouded bronze ring
 74114 | Depths:3 | Found a portal to a secret trove of treasure.
 74204 | Depths:3 | Identified the Almanac of the Dusty Volcanoes
 74206 | Depths:3 | Identified the Reference Book on Protection and Calling
 74377 | Depths:3 | Identified the ring of Yfieh {rPois MR++} (You found it on
                  | level 3 of the Depths)
 74776 | Depths:4 | Found a gateway to a ziggurat.
 74780 | Depths:4 | Paralysed by a floating eye for 3 turns
 74792 | Depths:4 | Reached XP level 23. HP: 129/142 MP: 28/53
 74814 | Depths:4 | Noticed a juggernaut
 74929 | Depths:3 | Killed a juggernaut
 75251 | Depths:4 | Identified the +9 spear of Vimoja {distort, rF+}
 75483 | Depths:4 | Found a one-way gate to the infinite horrors of the Abyss.
 75842 | Depths:4 | Reached skill level 25 in Spellcasting
 77776 | Depths:4 | Reached skill level 26 in Spellcasting
 78395 | Depths:5 | Entered Level 5 of the Depths
 78404 | Depths:5 | HP: 6/184 [iron troll (19)]
 78404 | Depths:5 | Mangled by a deep troll

Illustrated notes

Levels and vault maps discovered:
D:1:      saegor_arrival_under_anarchy, layout_rooms
D:2:      layout_rooms, nicolae_ashenzari_panopticon, fountainhead,
          minmay_tiny_reverse_x, uniq_crazy_yiuf_cottage
D:3:      layout_rooms, nicolae_dithmenos_shadow_blocks, lemuel_doored_altar,
          minitemple, overflow_temple_1_default, uniq_robin
D:4:      layout_basic, first_ration, serial_shops, shop, vehumet_altar_wand_db,
          uniq_eustachio
D:5:      layout_cave_pools, kiku_gazebo_garden_becter, serial_shops,
          shop_fountains, minmay_misc_feat_cross, uniq_blork_the_orc
D:6:      layout_cave_pods, minmay_temple_entry_antechambers, serial_shops,
          nicolae_shop_crystal, xom_teletrap_fun, uniq_grinder, uniq_edmund,
          uniq_pikel
D:7:      wad_crossroads, layout_basic, lemuel_crystal_altar, tso_metal_star,
          serial_shops, shop, grunt_livestock
D:8:      layout_layer_cave, serial_shops, shop,
          nicolae_shop_temple_entry_statues_fountains, nicolae_shop_stone,
          nicolae_straight_to_the_point
D:9:      layout_stronghold, nicolae_overflow_crystal_walls, serial_shops, shop,
          uniq_psyche
D:10:     layout_basic, ploomutoo_gammafunk_ghost_potion_laboratory,
          eino_small_chamber_without_monster, uniq_nergalle
D:11:     layout_gridville, minmay_lair_entry_grove, orc_0_dummy, serial_shops,
          shop_fountains, nicolae_shop_stone, shop, nicolae_shop_behind_doors,
          shop, lemuel_flamethrower_2
D:12:     layout_basic, basic_altar, portal_ice_cave_entry_pillars_1,
          uniq_nessos
D:13:     layout_loops_cross, uniq_erolcha
D:14:     layout_roguey, grunt_vaults_entry_tiered, grunt_decor_fettered,
          grunt_qazlal_clouds
D:15:     grunt_enter_depths_hoard, layout_gridville,
          gammafunk_ghost_wrathful_warriors, minmay_misc_feat_doors,
          uniq_jorgrun
Lair:1:   layout_hall_layers
Lair:2:   layout_hall_layers, minmay_swamp_entry_reptiles
Lair:3:   gammafunk_lair_enchanted_lake, layout_cave_pods
Lair:4:   layout_gridlike, guppyfry_lair_drakes, uniq_snorg
Lair:5:   layout_long_grid, slime_altar_1, minmay_lair_oklob_chamber,
          infiniplex_staircase_pool_2
Lair:6:   gammafunk_lair_ancient_temple, layout_regular_city, enter_volcano_4,
          minivault_24
Swamp:1:  layout_basic_swamp, evilmike_swamp_ruin_house_1, swamp_pool1,
          hangedman_swamp_pad
Swamp:2:  layout_falls_marsh, evilmike_swamp_ruin_rubble_1
Swamp:3:  layout_basic_swamp, evilmike_swamp_ruin_house_2
Swamp:4:  swamp_vile, layout_basic_swamp, swamp_pool1,
          nicolae_swamp_feature_on_the_river_bank
Snake:1:  layout_basic
Snake:2:  layout_chambers, basic_altar, minmay_shop_star, uniq_donald,
          uniq_louise, uniq_vashnia
Snake:3:  layout_onion
Snake:4:  snake_pit_salamanders_mu, layout_cave_town, uniq_aizul, uniq_asterion
Orc:1:    layout_caves, serial_shops, shop, shop, shop, shop,
          nicolae_orc_rockfall, nicolae_orc_flooded_monolith, uniq_fannar,
          uniq_maurice, uniq_josephine, uniq_erica, uniq_harold
Orc:2:    st_orc_rangers, layout_caves
Elf:1:    eino_elf_arrival_shootout, layout_onion_city,
          hangedman_corner_corridor, lemuel_flamethrower_hall
Elf:2:    layout_geoelf_octagon, serial_shops, shop,
          nicolae_shop_window_shopping, nicolae_shop_trees, shop, shop,
          evilmike_spriggan_trog_shrine, uniq_roxanne
Elf:3:    elf_hall_gauntlet_narrow, layout_geoelf_grid, basic_altar, uniq_nikola
Vaults:1: nicolae_vaults_twisting_passages, ontoclasm_vaults_shuriken,
          nicolae_vaults_shelves_hall, v_misc_33, vaults_dpeg_doors,
          hangedman_vaults_variations, vaults_room_door_ring,
          nicolae_vaults_ring_of_whatevers, vaults_dpeg_encased_lava, v_misc_28,
          v_misc_23, layout_vaults_omnigrid, serial_shops, shop
Vaults:2: nicolae_vaults_windows_and_doors_thing, vaults_room_corners,
          vaults_room_pool, dpeg_vaults_monster_row,
          minmay_crypt_entry_simple_statues, vaults_room_fancy_cross,
          v_alt_pattern_1, vaults_room_fancy_cross,
          nicolae_vaults_sealed_display, dpeg_vaults_waves,
          nicolae_vaults_mini_display_case, layout_vaults_chaotic_city
Vaults:3: nicolae_vaults_network_quinsquares
          [nicolae_vaults_network_quincunx_subvault,
          nicolae_vaults_network_quincunx_subvault,
          nicolae_vaults_network_quincunx_subvault,
          nicolae_vaults_network_quincunx_subvault], nicolae_vaults_big_ls,
          vaults_mumra_minichess, hangedman_vaults_stretched_pinwheel,
          nicolae_vaults_little_squares_3, nicolae_vaults_arrows,
          vaults_room_hallway, v_misc_12, hangedman_vaults_cutoff, v_misc_22,
          ontoclasm_vaults_idyll, layout_vaults_omnibox, serial_shops,
          nicolae_shop_overgrown_old_shop
Vaults:4: v_alt_pattern_1, nicolae_vaults_little_squares_3,
          nicolae_vaults_big_angled_halls, nicolae_vaults_big_angled_halls,
          nicolae_vaults_fighting_squares, grunt_vaults_hallway_short,
          v_misc_24, hangedman_vaults_stagger, ontoclasm_vaults_idyll,
          v_rooms_1, vaults_dpeg_ring, layout_vaults_maze_snakey, serial_shops,
          shop, nicolae_shop_competitors_out_of_business, nicolae_shop_crystal,
          nicolae_shop_stone
Depths:1: layout_cave_pools, grunt_hell_horde, grunt_pan_entry_zigzag,
          kennysheep_doodads, item_on_display_a
Depths:2: lemuel_river_lethe, hell_entry, serial_shops
Depths:3: cheibrodos_lost_city_excavation, layout_cave_pools, hell_entry,
          serial_shops, shop_fountains, rand_demon_pan_entry_7,
          infiniplex_staircase_split_hallway, nicolae_trove_entry_columns,
          uniq_xtahua
Depths:4: minmay_the_grid_square_5x5_5x5
          [minmay_the_grid_square_5x5_beaten_path,
          minmay_the_grid_square_5x5_percent,
          minmay_the_grid_square_5x5_bracketed,
          minmay_the_grid_square_5x5_inner_i,
          minmay_the_grid_square_5x5_broken_cross,
          minmay_the_grid_square_5x5_mess,
          minmay_the_grid_square_5x5_prize_deathbox,
          minmay_the_grid_square_5x5_checkered_statues,
          minmay_the_grid_square_5x5_prize_gold,
          minmay_the_grid_square_5x5_two_walls_b,
          minmay_the_grid_square_5x5_shrine2, minmay_the_grid_square_5x5_n,
          minmay_the_grid_square_5x5_prize_monsterx,
          minmay_the_grid_square_5x5_checkered,
          minmay_the_grid_square_5x5_minimal, minmay_the_grid_square_5x5_c,
          minmay_the_grid_square_5x5_prize_open,
          minmay_the_grid_square_5x5_tri_point,
          minmay_the_grid_square_5x5_prize_open, minmay_the_grid_square_5x5_tie,
          minmay_the_grid_square_5x5_three_walls,
          minmay_the_grid_square_5x5_dogpile,
          minmay_the_grid_square_5x5_checkered_sparse,
          minmay_the_grid_square_5x5_trominoes,
          minmay_the_grid_square_5x5_shrine1], layout_honeycomb,
          enter_ziggurat_c, abyss_entry, hell_entry, dk_noncrumbling_3,
          feat_on_display
Depths:5: evilmike_zot_entry_diamond, layout_basic, hellmouth_1, pan_entry,
          minmay_misc_feat_encased, minmay_misc_feat_ornament

Skill      XL: |  1  2  3  4  5  6  7  8  9 10 11 12 13 14 15 16 17 18 19 20 21 22 23 |
---------------+----------------------------------------------------------------------+-----
Earth Magic    | 4 5 6 7 8 9 11 12 14 15 19 20 | 20.1
Dodging        | 3 |  3.0
Stealth        | 3 6 |  6.0
Armour         | 1 2 4 5 |  5.0
Spellcasting   | 4 5 6 7 10 11 13 15 17 19 20 21 22 23 24 26 | 26.1
Conjurations   | 1 3 5 6 8 9 11 14 15 16 | 16.0
Fighting       | 1 2 7 10 11 12 13 15 | 15.0
Hexes          | 1 2 |  2.0
Fire Magic     | 1 2 |  2.0
Transmutations | 2 5 6 |  6.0
Air Magic      | 1 2 |  2.0
Shields        | 4 6 7 8 10 13 15 | 15.0
Summonings     | 4 8 10 12 | 12.0

Action                   |  1- 3 |  4- 6 |  7- 9 | 10-12 | 13-15 | 16-18 | 19-21 | 22-24 || total
-------------------------+-------+-------+-------+-------+-------+-------+-------+-------++-------
Melee: Dagger            |     5 |     6 |       |       |       |       |       |       ||    11
       Spear             |       |    19 |    22 |       |       |       |       |       ||    41
       War axe           |       |       |       |    16 |   148 |    41 |    41 |    80 ||   326
 Cast: Sandblast         |    46 |    68 |    40 |    81 |   128 |    39 |    16 |     3 ||   421
       Stone Arrow       |     1 |    20 |    97 |   245 |   326 |    60 |    25 |     8 ||   782
       Lee's Rapid Decon |       |     1 |     5 |    68 |    93 |   121 |   247 |   138 ||   673
       Petrify           |       |       |       |     5 |    12 |     2 |     2 |     3 ||    24
       Statue Form       |       |       |       |     4 |    20 |    23 |    21 |    17 ||    85
       Orb of Destructio |       |       |       |       |   121 |    83 |    33 |    37 ||   274
       Passwall          |       |       |       |       |     2 |       |     1 |     1 ||     4
       Iron Shot         |       |       |       |       |    88 |   262 |   316 |   216 ||   882
       Spellforged Servi |       |       |       |       |    16 |    85 |    28 |    27 ||   156
       Airstrike         |       |       |       |       |       |     2 |       |     4 ||     6
       Shatter           |       |       |       |       |       |       |     1 |    12 ||    13
 Abil: End Transformatio |       |       |       |     4 |    19 |    20 |    19 |    14 ||    76
       Evoke Flight      |       |       |       |       |     1 |       |       |       ||     1
Evoke: Wand              |       |       |       |     1 |       |       |     1 |       ||     2
  Use: Scroll            |       |       |     7 |    12 |    22 |     7 |    12 |     2 ||    62
       Potion            |       |       |       |     2 |     8 |    12 |     7 |     3 ||    32
 Stab: Sleeping          |       |     3 |     1 |       |       |     1 |       |     1 ||     6
       Distracted        |       |       |       |       |       |     1 |       |       ||     1
  Eat: Chunk             |     2 |     6 |    12 |    27 |    64 |    39 |    46 |    13 ||   209
       Ration            |       |       |     1 |       |     7 |     9 |       |     6 ||    23
Armor: Robe              |     4 |    14 |    15 |       |       |       |       |       ||    33
       Leather armour    |       |       |     1 |    37 |     6 |       |       |       ||    44
       Skin              |       |       |       |    18 |   233 |   151 |    81 |   222 ||   705
       Acid dragon scale |       |       |       |       |   109 |   102 |    26 |    41 ||   278
Dodge: Dodged            |     8 |    28 |    30 |    65 |   351 |   156 |    77 |   224 ||   939
Block: Buckler           |       |       |       |       |   105 |    29 |       |       ||   134
       Kite shield       |       |       |       |       |       |   119 |   125 |   361 ||   605
       Reflection        |       |       |       |       |       |    38 |    23 |       ||    61
